 Dungeon Crawl Stone Soup version 0.29.1-1-gd02db69 (webtiles) character file.

Game seed: 7746165553207220309

720 Jonnyslop the Poker (level 7, 0/46 HPs)
             Began as a Gargoyle Fighter on Mar 7, 2023.
             Slain by an ogre
             ... wielding a +0 giant club
              (5 damage)
             ... on level 4 of the Dungeon.
             The game lasted 00:09:55 (4777 turns).

Jonnyslop the Poker (Gargoyle Fighter)              Turns: 4777, Time: 00:09:55

Health: 0/46       AC: 17    Str: 22    XL:     7   Next: 70%
Magic:  7/7        EV:  9    Int:  8    God:
Gold:   266        SH:  4    Dex:  9    Spells: 6/6 levels left

rFire   . . .      SeeInvis .   a - +1 trident
rCold   + . .      Faith    .   c - +0 buckler
rNeg    + . .      Spirit   .   b - +0 scale mail
rPois   ∞          Reflect  .   i - +1 helmet
rElec   +          Harm     .   o - +2 cloak
rCorr   .          Rampage  .   (no gloves)
Will    .....                   (no boots)
Stlth   ..........              (no amulet)
HPRegen 0.15/turn               k - ring of protection from cold
MPRegen 0.10/turn               (no ring)

@: no status effects
A: sickness immunity, AC +4, negative energy resistance 1, electricity
resistance, torment resistance 1, petrification resistance
a: no special abilities


You were on level 4 of the Dungeon.
You visited 1 branch of the dungeon, and saw 4 of its levels.
You also visited: Sewer.

You collected 266 gold pieces.

Inventory:

Hand Weapons
 a - a +1 trident (weapon)
Missiles
 d - a throwing net
 e - 15 poisoned darts (quivered)
Armour
 b - a +0 scale mail (worn)
 c - a +0 buckler (worn)
 i - a +1 helmet (worn)
 o - a +2 cloak (worn)
Jewellery
 k - a ring of protection from cold (left hand)
 m - a +6 ring of intelligence
Scrolls
 f - 5 scrolls of teleportation
 h - a scroll of immolation
 l - a scroll of magic mapping
 n - a scroll of identify
Potions
 g - a potion of attraction {unknown}
 j - a potion of ambrosia {unknown}
 p - a potion of haste
 q - 4 potions of flight
 r - a potion of heal wounds {unknown}


   Skills:
 + Level 6.0 Fighting
 * Level 6.3 Polearms
 + Level 3.6 Armour
 - Level 3.2 Shields


You had 6 spell levels left.
You didn't know any spells.
Your spell library contained the following spells:

 Spells                   Type           Power      Damage    Failure   Level
 Frozen Ramparts          Ice            0%         1d1       99%         3
 Ice Form                 Ice/Tmut       0%         N/A       100%        4
 Petrify                  Tmut/Erth      0%         N/A       100%        4
 Summon Ice Beast         Ice/Summ       0%         N/A       100%        4
 Irradiate                Conj/Tmut      0%         3d11      100%        5
 Sublimation of Blood     Necr           Unusable   N/A       N/A         2

Dungeon Overview and Level Annotations

Branches:
Dungeon (4/15)              Sewer (visited)
 Temple: D:4-7

Altars:

Shops:
D:4 *


Innate Abilities, Weirdness & Mutations

You are immune to sickness and miasma.
Your stone body is resilient. (AC +4)
You are immune to poison.
You resist negative energy. (rN+)
You are resistant to electric shocks. (rElec)
You are resistant to unholy torment.
You are immune to petrification.


Message History

There is an entrance to Ruera's Elemental Accessories here.
You now have 212 gold pieces (gained 9).
You now have 229 gold pieces (gained 17).
You now have 245 gold pieces (gained 16).
n - a scroll of identify A ball python comes into view.
The ball python hisses angrily.
A ball python is nearby!
You puncture the ball python!
You kill the ball python!
No target in view!
No target in view!
No target in view!
No target in view!
No target in view!
Found a stone staircase leading up.
You now have 257 gold pieces (gained 12).
r - a blue potion
Found a stone staircase leading up.
You now have 266 gold pieces (gained 9).
Found a stone staircase leading down.
An ogre comes into view. It is wielding a +0 giant club.
The ogre shouts!
You reach to attack!
You barely miss the ogre. You hit the ogre but do no damage.
You block the ogre's attack.
You puncture the ogre!
The ogre is moderately wounded.
The ogre hits you with a +0 giant club!!
You hit the ogre but do no damage.
The ogre is moderately wounded.
You hit the ogre.
The ogre is moderately wounded.
The ogre hits you with a +0 giant club!!
* * * LOW HITPOINT WARNING * * *
You are too injured to fight recklessly!
You are too injured to fight recklessly!
Okay, then.
Okay, then.
The ogre attacks as you move away! The ogre hits you with a +0 giant club.
You die...

# #### #.####
####..#### #.....##
#......... #......##
##.........
#....O@.#####..........
#..##.>...##...........
##.....#...........
###...............
##.<......<.....
###............
##...........
##...#......
##..###....


You could see an ogre.

Vanquished Creatures
  Grinder (D:4)
  Edmund (D:4)
  A necrophage (D:4)
  An orc priest (D:4)
  A gnoll bouda (D:4)
  An orc wizard (D:4)
  A merfolk siren (Sewer)
  A merfolk avatar (Sewer)
  3 gnolls
  9 adders
  2 river rats
  A white imp (D:4)
  An ufetubus (D:4)
  2 worms
  3 orcs (D:4)
  3 endoplasms
  3 giant cockroaches
  6 hobgoblins
  6 jackals
  4 quokkas
  13 ball pythons
  5 bats
  4 frilled lizards
  11 goblins
  8 kobolds
  23 rats
115 creatures vanquished.

Notes
Turn   | Place    | Note
-------+----------+-------------------------------------------
     0 | D:1      | Jonnyslop the Gargoyle Fighter began the quest for the Orb.
     0 | D:1      | Reached XP level 1. HP: 14/14 MP: 1/1
    53 | D:1      | Reached XP level 2. HP: 11/19 MP: 2/2
   247 | D:1      | Found a faded altar of an unknown god.
   569 | D:1      | Reached XP level 3. HP: 18/24 MP: 3/3
  1160 | D:2      | Reached XP level 4. HP: 29/29 MP: 4/4
  2236 | D:3      | Found a glowing drain.
  2248 | D:3      | Reached XP level 5. HP: 29/34 MP: 5/5
  2483 | Sewer    | Entered a sewer
  2918 | Sewer    | Noticed a malarious merfolk avatar
  2925 | Sewer    | Killed a malarious merfolk avatar
  2932 | Sewer    | Reached XP level 6. HP: 37/40 MP: 6/6
  3813 | D:4      | Reached skill level 5 in Fighting
  3882 | D:4      | Reached skill level 5 in Polearms
  4069 | D:4      | Noticed Grinder
  4076 | D:4      | Paralysed by Grinder for 4 turns
  4082 | D:4      | Paralysed by Grinder for 5 turns
  4088 | D:4      | Killed Grinder
  4089 | D:4      | Reached XP level 7. HP: 38/45 MP: 7/7
  4513 | D:4      | Noticed Edmund
  4528 | D:4      | Killed Edmund
  4667 | D:4      | Found Ruera's Elemental Accessories.
  4777 | D:4      | Slain by an ogre

Illustrated notes

Levels and vault maps discovered:
D:1:      dpeg_arrival_tiny_i, layout_basic, hellmonk_ecumenical_altar_blasted
D:2:      layout_basic
D:3:      layout_rooms, portal_sewer_entry_b, serial_rivers,
          chequers_serial_rivers_micro_e, chequers_serial_rivers_room_b,
          chequers_serial_rivers_micro_b, chequers_serial_rivers_small_a,
          chequers_serial_rivers_large_b
D:4:      layout_cave_pods, minmay_misc_feat_square, nicolae_elemental_shop,
          uniq_grinder, uniq_edmund

Skill      XL: |  1  2  3  4  5  6  7 |
---------------+----------------------+-----
Polearms       | 2 3 4 5 6 |  6.3
Fighting       | 4 5 6 |  6.0
Armour         | |  3.6
Shields        | |  3.2

Action                   |  1- 3 |  4- 6 |  7- 9 || total
-------------------------+-------+-------+-------++-------
Melee: Trident           |   125 |   260 |    71 ||   456
  Use: Scroll            |     3 |     6 |       ||     9
       Potion            |       |     3 |     1 ||     4
Armor: Scale mail        |    69 |   121 |    49 ||   239
Dodge: Dodged            |    62 |   101 |    23 ||   186
Block: Buckler           |    26 |    40 |    11 ||    77
